AoeStats
← Mknolix

MegaRandom

510103317Analyzed
4v4 RM · 4d ago on Sep 29, 2026· 39m 22s· 8 players
Game mode
Random Map
Map size
Large (8 player)
Population
200
Speed
Normal
Resources
Standard
Victory
Conquest
Starting age
Dark Age
Ending age
Imperial Age
RankedLock teamsTeams togetherTeam positionsShared explorationLock speedFull tech treeHidden civsTurbo modeCheats
Victory
Defeat
🇦🇺 Khmer · Australia
1152
+14
🇨🇳 Georgians · China
1149
+14
🇦🇺 Turks · Australia
1144
+14
🇩🇪 Vietnamese · Germany
1143
+14
🇺🇸 Bulgarians · United States
1122
-14
🇩🇪 Khmer · Germany
1096
-14
🇺🇸 Italians · United States
1095
-14
🇦🇷 Gurjaras · Argentina
1093
-14
Spaghetti
0:32 Loom
12:19 Feudal Age
13:55 Double-Bit Axe
14:35 Scale Mail Armor
17:51 Forging
20:21 Fletching
25:53 Castle Age
27:00 Bodkin Arrow
27:06 Padded Archer Armor
ur dads dad
8:14 Loom
12:31 Feudal Age
13:13 Arson
19:23 Gold Mining
21:22 Wheelbarrow
21:34 Horse Collar
22:30 Fletching
23:14 Double-Bit Axe
25:04 Stone Mining
29:28 Castle Age
30:56 Bodkin Arrow
34:52 Padded Archer Armor
Mirandus
4:39 Loom
11:40 Feudal Age
15:35 Castle Age
13:38 Double-Bit Axe
14:32 Horse Collar
16:42 Bow Saw
19:54 Bloodlines
23:59 Scale Barding Armor
24:24 Fervor
25:27 Forging
26:36 Gold Mining
29:23 Heavy Plow
31:14 Wheelbarrow
30:35 Town Watch
31:56 Chain Barding Armor
38:32 Imperial Age
36:00 Fletching
36:34 Town Patrol
38:38 Ballistics
40:22 Chemistry
40:01 Plate Barding Armor
39:30 Double Crossbow
39:53 Conscription
Mknolix
6:32 Loom
10:39 Feudal Age
10:47 Man-at-Arms
12:01 Arson
12:12 Double-Bit Axe
17:29 Fletching
18:34 Horse Collar
25:17 Castle Age
24:55 Scale Barding Armor
26:42 Bodkin Arrow
xiweb
1:58 Loom
12:17 Feudal Age
17:10 Fletching
24:34 Castle Age
24:41 Horse Collar
27:27 Bodkin Arrow
35:46 Wheelbarrow
39:35 Double-Bit Axe
MegaPanda
3:27 Loom
15:23 Feudal Age
24:52 Castle Age
23:23 Bloodlines
23:24 Scale Barding Armor
24:31 Double-Bit Axe
24:26 Horse Collar
26:28 Bow Saw
26:19 Heavy Plow
27:43 Wheelbarrow
34:31 Fletching
34:41 Padded Archer Armor
36:19 Bloodlines
36:10 Husbandry
36:15 Scale Barding Armor
36:21 Forging
Angel7255
4:17 Loom
6:11 Loom
11:30 Feudal Age
12:36 Horse Collar
12:42 Double-Bit Axe
14:06 Stone Mining
14:28 Fletching
19:11 Gold Mining
22:57 Castle Age
21:06 Gold Mining
21:55 Padded Archer Armor
23:57 Bow Saw
23:37 Crossbowman
24:09 Pikeman
26:44 Heavy Plow
28:10 Scale Mail Armor
29:22 Leather Archer Armor
32:49 Forging
35:31 Chain Mail Armor
35:47 Bodkin Arrow
37:52 Iron Casting
38:55 Squires
DreamStolen
4:34 Loom
9:15 Loom
11:07 Feudal Age
12:36 Horse Collar
12:49 Double-Bit Axe
14:22 Bloodlines
18:50 Forging
20:37 Fletching
24:43 Castle Age
23:25 Scale Barding Armor
25:48 Heavy Plow
25:13 Light Cavalry
27:09 Iron Casting
30:03 Elite Skirmisher
31:45 Wheelbarrow
31:35 Padded Archer Armor
35:12 Hand Cart
35:19 Bow Saw
Connection lost

Rejoining the realm…

Still unreachable

The connection could not be restored.

Session expired

The server has moved on; the page needs a fresh start.